 Dungeon Crawl Stone Soup version 0.30-a0-956-gcec3b41aec (webtiles) character file.

Game seed: 6963384067736976922

333 jasper the Firebug (level 6, -1/45 HPs)
             Began as a Demigod Fire Elementalist on Mar 29, 2023.
             Slain by a kobold
             ... wielding a +0 short sword
              (3 damage)
             ... on level 4 of the Dungeon.
             The game lasted 00:05:59 (4352 turns).

jasper the Firebug (Demigod Fire Elementalist)      Turns: 4352, Time: 00:06:00

Health: -1/45      AC:  3    Str:  9    XL:     6   Next: 5%
Magic:  1/14       EV: 12    Int: 25    God:
Gold:   185        SH:  0    Dex: 14    Spells: 4/11 levels left

rFire   . . .      SeeInvis .    e - +1 dagger (vamp)
rCold   . . .      Faith    .    (no shield)
rNeg    + . .      Spirit   .    a - +0 robe
rPois   .          Reflect  .    (no helmet)
rElec   .          Rampage  .    (no cloak)
rCorr   .                        n - +0 pair of gloves of the Wild Haggis {rN+}
Will    .....                    (no boots)
Stlth   ++                       (no amulet)
HPRegen 0.27/turn                (no ring)
MPRegen 0.14/turn                (no ring)

@: attractive
A: high MP 1, forlorn, divine attributes
a: no special abilities


You were on level 4 of the Dungeon.
You visited 1 branch of the dungeon, and saw 4 of its levels.

You collected 185 gold pieces.

Inventory:

Hand Weapons
 d - a +0 falchion
 e - a +1 vampiric dagger (weapon)
Armour
 a - a +0 robe (worn)
 i - a +0 leather armour
 k - a +0 pair of gloves
 n - the +0 pair of gloves of the Wild Haggis (worn) {rN+}
   (You found it on level 2 of the Dungeon)

   rN:        It protects you from negative energy.
 v - a +0 buckler
Wands
 o - a wand of polymorph (6)
Scrolls
 h - 2 scrolls of poison {unknown}
 j - 3 scrolls of identify {unknown}
 m - a scroll of brand weapon {unknown}
 p - 2 scrolls of fog {unknown}
 q - a scroll of amnesia {unknown}
 s - a scroll of noise {unknown}
Potions
 b - 2 potions of magic
 f - a potion of haste {unknown}
 g - a potion of brilliance {unknown}
 l - a potion of berserk rage {unknown}
 r - 2 potions of attraction
 t - a potion of heal wounds {unknown}
 u - a potion of mutation {unknown}


   Skills:
 - Level 1.7 Dodging
 - Level 1.7 Stealth
 + Level 0.6 Shields
 + Level 3.4 Spellcasting
 + Level 3.3 Conjurations
 + Level 4.2 Fire Magic


You had 4 spell levels left.
You knew the following spells:

 Your Spells              Type           Power      Damage    Failure   Level
a - Foxfire               Conj/Fire      92%        2x1d5     1%          1
b - Scorch                Fire           50%        2d8       2%          2
c - Flame Wave            Conj/Fire      23%        2d8       21%         4

Your spell library contained the following spells:

 Spells                   Type           Power      Damage    Failure   Level
 Necrotise                Necr           16%        1d4       10%         1
 Inner Flame              Hex/Fire       15%        N/A       12%         3
 Kindle Blastsparks       Fire/Tloc/Air  22%        2d11      16%         3
 Vampiric Draining        Necr           4%         2d6       28%         3
 Fireball                 Conj/Fire      11%        3d7       50%         5
 Agony                    Necr           4%         N/A       95%         5
 Starburst                Conj/Fire      11%        6d5       97%         6


Dungeon Overview and Level Annotations

Branches:
Dungeon (4/15)             Temple (0/1) D:4

Shops:
D:2 *

Annotations:
D:4 Pikel


Innate Abilities, Weirdness & Mutations

You have an increased reservoir of magic. (+10% MP)
You shall have no god before yourself.
Your divine heritage dramatically boosts your attributes as you level up.


Message History

The lemure hits the bush but does no damage.
Casting: Flame Wave (quite dangerous; 21% risk of failure)
Confirm with . or Enter, or press ? or * to list all spells.
You don't have enough magic to cast this spell.
Unknown command.
The lemure attacks as you move away! The lemure hits you.
* * * LOW HITPOINT WARNING * * *
You take 4 damage, and have 10/45 hp.
You feel better.
The quokka bites the bush but does no damage.
The adder bites the bush but does no damage.
Pikel says, "I knew I should've brought a map."
Pikel hits you with a +1 whip of flaming!
* * * LOW HITPOINT WARNING * * *
Pikel burns you.
* * * LOW HITPOINT WARNING * * *
The quokka bites the bush.
The lemure hits you but does no damage.
Your magical contamination has completely faded away.
The quokka bites the bush.
The lemure hits the bush.
The quokka bites the bush but does no damage.
The kobold barely misses you. The lemure hits you.
* * * LOW HITPOINT WARNING * * *
You take 3 damage, and have 8/45 hp.
Pikel attacks as you move away!
Pikel hits you with a +1 whip of flaming.
* * * LOW HITPOINT WARNING * * *
Pikel burns you.
* * * LOW HITPOINT WARNING * * *
The quokka bites the bush but does no damage.
You take 7 damage, and have 1/45 hp.
Okay, then.
It was a potion of attraction.
You feel attractive to monsters.
The quokka bites the bush.
The adder bites you but does no damage. Pikel barely misses you.
The kobold closely misses you.
An orc comes into view. It is wielding a +0 hand axe.
The quokka is attracted toward you. The orc is attracted toward you.
The kobold attacks as you move away!
The kobold hits you with a +0 short sword.
You die...

#K...##.##.# ##.# .....##..#
#.# ..###.### .............#
#.# ..##...## ...........#.#
#.# #.###.... .>...........#
#.####.###.### ....?.....#..##
#.......##....
..........#...####.......#.....
.........§Pr5K..##.............
........##)55K@.##.##..........
........§.oP>S5................
.......#.#.....########........
..........P....# ###......
........######## #......
<....... #...(.. ........
#...... ........ #......
.......# #......


You could see Pikel, 4 lemures, an adder, an orc, a quokka and a kobold.

Vanquished Creatures
  A black bear (D:4)
  A scorpion (D:4)
  Ijyb (D:3)
  6 adders
  A river rat (D:3)
  2 worms
  3 dart slugs
  An orc (D:4)
  11 ball pythons
  9 endoplasms
  5 giant cockroaches
  8 goblins
  4 hobgoblins
  2 jackals (D:1)
  9 kobolds
  2 quokkas
  7 bats
  3 frilled lizards
  5 rats
81 creatures vanquished.

Vanquished Creatures (others)
  208 foxfires
208 creatures vanquished.

Grand Total: 289 creatures vanquished

Notes
Turn   | Place    | Note
-------+----------+-------------------------------------------
     0 | D:1      | jasper the Demigod Fire Elementalist began the quest for
                  | the Orb.
     0 | D:1      | Reached XP level 1. HP: 14/14 MP: 5/5
    41 | D:1      | Reached skill level 1 in Conjurations
   143 | D:1      | Reached XP level 2. HP: 20/20 MP: 1/7
   146 | D:1      | Learned a level 2 spell: Scorch
   391 | D:1      | Reached skill level 3 in Fire Magic
  1414 | D:2      | Reached XP level 3. HP: 26/26 MP: 6/9
  1689 | D:2      | Found Egeip's Assorted Antiques.
  2349 | D:2      | Identified the +0 pair of gloves of the Wild Haggis {rN+}
  2913 | D:3      | Reached XP level 4. HP: 33/33 MP: 6/10
  3320 | D:3      | Noticed Ijyb
  3519 | D:3      | Killed Ijyb
  3758 | D:3      | Reached XP level 5. HP: 16/38 MP: 1/12
  3801 | D:3      | Learned a level 4 spell: Flame Wave
  3992 | D:4      | Noticed a black bear
  3995 | D:4      | Killed a black bear
  3996 | D:4      | Reached skill level 4 in Fire Magic
  4229 | D:4      | Reached XP level 6. HP: 45/45 MP: 6/14
  4332 | D:4      | Found a staircase to the Ecumenical Temple.
  4332 | D:4      | Noticed Pikel
  4350 | D:4      | HP: 1/45 [Pikel/+1 whip of flaming (2)]
  4352 | D:4      | Slain by a kobold

Illustrated notes

Levels and vault maps discovered:
D:1:      dpeg_arrival_orchard, layout_loops_cross, serial_forest,
          infiniplex_forest_lined_room_, infiniplex_forest_straight_4,
          infiniplex_forest_lined_2, infiniplex_forest_clump_double,
          infiniplex_forest_clump_diagonal, infiniplex_forest_clump_small,
          infiniplex_forest_lined_room_3, infiniplex_forest_lined_ring
D:2:      layout_basic, serial_shops, shop_fountains,
          hellmonk_ecumenical_altar_heavens_door, due_unseen_surprise
D:3:      layout_basic, portal_sewer_entry_b, uniq_ijyb
D:4:      layout_rooms, minmay_temple_entry_overgrown, uniq_pikel

Skill      XL: |  1  2  3  4  5 |
---------------+----------------+-----
Conjurations   | 1 2 3 |  3.3
Spellcasting   | 2 3 |  3.4
Fire Magic     | 3 4 |  4.2
Dodging        | |  1.7
Stealth        | |  1.7
Shields        | |  0.6

Action                     |  1- 3 |  4- 6 || total
---------------------------+-------+-------++-------
  Melee: Dagger            |     4 |    38 ||    42
         Unarmed           |       |    25 ||    25
   Cast: Foxfire           |    73 |    50 ||   123
         Scorch            |    23 |    27 ||    50
         Flame Wave        |       |     2 ||     2
    Use: Potion            |       |     5 ||     5
 Armour: Robe              |     1 |    10 ||    11
  Dodge: Dodged            |    11 |    55 ||    66

Table legend: (Time is in decaauts)
 A = Elapsed time spent in this place.
 B = Non-inter-level travel time spent in this place.
 C = Inter-level travel time spent in this place.
 D = Time resting spent in this place.
 E = Time spent auto-exploring this place.
 F = Levels seen in this place.
 G = Mean time per level.
                   A        B        C        D        E       F      G
               +--------+--------+--------+--------+--------+-----+--------+
         Total |   4343 |   4145 |    198 |     49 |   3531 |   4 | 1085.8 |
       Dungeon |   4343 |   4145 |    198 |     49 |   3531 |   4 | 1085.8 |
               +--------+--------+--------+--------+--------+-----+--------+

Top non-repeatable levels by time:
     D:2: 1479 daAuts
     D:3: 1278 daAuts
     D:1: 1151 daAuts
     D:4: 434 daAuts
